 Dungeon Crawl Stone Soup version 0.30-a0-862-g1aabd4f9c5 (webtiles) character file.

Game seed: 8632818575930323579

3736 cforsyth the Thaumaturge (level 9, 0/45 HPs)
             Began as a Deep Elf Earth Elementalist on Mar 9, 2023.
             Was an Initiate of Vehumet.
             Succumbed to a gnoll's poison
             ... on level 8 of the Dungeon.
             The game lasted 00:10:23 (8998 turns).

cforsyth the Thaumaturge (DEEE)                     Turns: 8998, Time: 00:10:24

Health: 0/45       AC:  5    Str:  5    XL:     9   Next: 93%
Magic:  19/28      EV: 12    Int: 25    God:    Vehumet [......]
Gold:   299        SH:  0    Dex: 15    Spells: 30/34 levels left

rFire   . . .      SeeInvis .    (no weapon)
rCold   . . .      Faith    .    (no shield)
rNeg    . . .      Spirit   .    a - +0 robe
rPois   .          Reflect  .    h - +0 helmet
rElec   .          Rampage  .    (no cloak)
rCorr   .                        (no gloves)
Will    .....                    x - +1 pair of boots
Stlth   ++                       (no amulet)
HPRegen 0.27/turn                (no ring)
MPRegen 0.21/turn                (no ring)

@: lethally poisoned (0 -> -5), hasted, very quick
A: no striking features
a: Renounce Religion


You were on level 8 of the Dungeon.
You worshipped Vehumet.
Vehumet was noncommittal.
You visited 2 branches of the dungeon, and saw 9 of its levels.

You collected 299 gold pieces.

Inventory:

Armour
 a - a +0 robe (worn)
 h - a +0 helmet (worn)
 x - a +1 pair of boots (worn)
Jewellery
 s - an amulet of the acrobat
 B - a ring of willpower
 C - a ring of see invisible
Wands
 t - a wand of iceblast (11)
 y - a wand of flame (37)
 z - a wand of paralysis (8)
 A - a wand of light (10)
Scrolls
 e - 3 scrolls of teleportation
 g - 3 scrolls of poison
 l - a scroll of amnesia
 p - 2 scrolls of vulnerability
 r - 2 scrolls of fog
 u - 2 scrolls of enchant armour
 v - a scroll of blinking
 w - a scroll of enchant weapon {unknown}
 D - a scroll of brand weapon {unknown}
Potions
 b - 2 potions of magic
 d - 2 potions of might
 f - a potion of brilliance
 i - 2 potions of flight
 k - a potion of cancellation
 n - a potion of attraction
 o - 3 potions of resistance
 q - a potion of invisibility


   Skills:
 - Level 2.4 Dodging
 - Level 2.4 Stealth
 + Level 13.3 Spellcasting
 - Level 1.1 Transmutations
 + Level 11.5 Earth Magic


You had 30 spell levels left.
You knew the following spells:

 Your Spells              Type           Power      Damage    Failure   Level
a - Sandblast             Erth           100%       2d20      1%          1
b - Stone Arrow           Conj/Erth      90%        3d12      1%          3

Your spell library contained the following spells:

 Spells                   Type           Power      Damage    Failure   Level
 Passwall                 Tmut/Erth      40%        N/A       1%          2
 Beastly Appendage        Tmut           44%        N/A       2%          1
 Petrify                  Tmut/Erth      48%        N/A       2%          4
 Wereblood                Tmut           22%        N/A       3%          2
 Spider Form              Tmut/Pois      19%        N/A       9%          3
 Vhi's Electric Charge    Tloc/Air       32%        N/A       11%         3
 Manifold Assault         Tloc           16%        N/A       34%         4
 Arcjolt                  Conj/Air       8%         1d18      67%         5
 Dispersal                Tloc           8%         N/A       99%         6
 Disjunction              Tloc           8%         N/A       100%        8
 Maxwell's Capacitive Co  Air            8%         ∞         100%        8


Dungeon Overview and Level Annotations

Branches:
Dungeon (8/15)             Temple (1/1) D:4
   Lair: D:8-11

Altars:
Ashenzari
Cheibriados
Dithmenos
Elyvilon
Fedhas
Gozag
Hepliaklqana
Kikubaaqudgha
Makhleb
Qazlal
Ru
Sif Muna
Trog
Uskayaw
Vehumet
Wu Jian
Xom
Yredelemnul
Zin
The Shining One

Shops:
D:1 [   D:7 [

Annotations:
D:6 1 runed translucent door, Crazy Yiuf
D:8 Joseph


Message History

Aiming: Stone Arrow (safe; 1% risk of failure)
Press: ? - help, Shift-Dir - straight line, f/p - gnoll
Aim: a gnoll, wielding a +0 club (covering ground quickly, 79% to hit)
The stone arrow hits the gnoll!
The gnoll is almost dead.
You feel sick. The gnoll misses you. The gnoll hits you with a +0 club.
* * * LOW HITPOINT WARNING * * *
You feel better.
The gnoll hits you from afar with a +0 halberd of venom.
* * * LOW HITPOINT WARNING * * *
You are poisoned.
The gnoll misses you.
Casting: Stone Arrow (safe; 1% risk of failure)
Confirm with . or Enter, or press ? or * to list all spells.
Aiming: Stone Arrow (safe; 1% risk of failure)
Press: ? - help, Shift-Dir - straight line, f/p - gnoll
Aim: a gnoll, wielding a +0 club (covering ground quickly, 79% to hit)
The stone arrow hits the gnoll!!
You kill the gnoll!
Vehumet accepts your kill.
* * * LOW HITPOINT WARNING * * *
You feel very sick. The gnoll misses you. The gnoll barely misses you.
Okay, then.
Unknown command.
Casting: Stone Arrow (safe; 1% risk of failure)
Confirm with . or Enter, or press ? or * to list all spells.
Aiming: Stone Arrow (safe; 1% risk of failure)
Press: ? - help, Shift-Dir - straight line, f/p - gnoll
Aim: a gnoll, wielding a +0 club (covering ground quickly, 79% to hit)
The stone arrow hits the gnoll!
The gnoll is almost dead.
You feel sick. The gnoll closely misses you.
The gnoll hits you from afar with a +1 vampiric spear.
* * * LOW HITPOINT WARNING * * *
The gnoll hits you with a +0 club.
* * * LOW HITPOINT WARNING * * *
Unknown command.
You feel yourself speed up.
You die...

......#...#.######) #.
#........# #.# #....##.##
...#...#.##.# ..#...#....#
##.....#..###
#.###......#<..##
........##...#.)###
.##@##..###...###### #.
#g##..##....>#.... ...
#gg...#........... #.#
#........>........ #..#
#....#)........... #.).
##.)).#............
####..##..)..#............
#.......<..###............
#..........# #............


You could see 3 gnolls.

Vanquished Creatures
  Pikel (D:7)
  Sigmund (D:5)
  3 yaks (D:8)
  A wyvern (D:8)
  Edmund (D:6)
  2 water moccasins
  2 ice beasts
  3 centaurs
  2 ogres
  4 lemures (D:7)
  A phantom (D:7)
  A kobold brigand (D:8)
  A bullfrog (D:7)
  3 scorpions
  A gnoll sergeant (D:6)
  9 wights
  3 killer bees (D:8)
  A howler monkey (D:5)
  3 jellies (D:6)
  3 hounds (D:4)
  An orc priest (D:4)
  A gnoll bouda (D:8)
  5 iguanas
  2 sleepcaps
  5 gnolls
  6 adders
  An ufetubus (D:7)
  2 worms
  11 orcs
  8 ball pythons
  8 endoplasms
  4 giant cockroaches
  6 hobgoblins
  2 jackals (D:1)
  16 kobolds
  4 quokkas
  2 bats (D:2)
  2 frilled lizards
  11 goblins
  5 rats
148 creatures vanquished.

Notes
Turn   | Place    | Note
-------+----------+-------------------------------------------
     0 | D:1      | cforsyth the Deep Elf Earth Elementalist began the quest
                  | for the Orb.
     0 | D:1      | Reached XP level 1. HP: 10/10 MP: 6/6
   203 | D:1      | Reached XP level 2. HP: 15/15 MP: 2/8
   363 | D:1      | Found a faded altar of an unknown god.
   511 | D:1      | Found Wethof's Antique Armour Boutique.
   757 | D:1      | Reached skill level 4 in Spellcasting
  1170 | D:1      | Reached XP level 3. HP: 19/19 MP: 8/10
  1384 | D:2      | Found a shimmering altar of Xom.
  1757 | D:2      | You fall into a shaft and drop 1 floor!
  1757 | D:3      | Found a shadowy altar of Dithmenos.
  2148 | D:3      | Reached XP level 4. HP: 16/24 MP: 7/12
  3141 | D:3      | Reached skill level 5 in Spellcasting
  3320 | D:4      | Noticed a scorpion
  3327 | D:4      | Killed a scorpion
  3328 | D:4      | Reached skill level 5 in Earth Magic
  3328 | D:4      | Reached XP level 5. HP: 23/28 MP: 9/15
  3364 | D:4      | Reached skill level 6 in Spellcasting
  3413 | D:4      | Found a bloodstained altar of Trog.
  3532 | D:4      | Reached XP level 6. HP: 6/32 MP: 8/17
  3761 | D:4      | Found a staircase to the Ecumenical Temple.
  3834 | D:4      | Found a stormy altar of Qazlal.
  3875 | Temple   | Entered the Ecumenical Temple
  4558 | D:4      | Reached skill level 7 in Spellcasting
  4735 | D:4      | Reached XP level 7. HP: 36/36 MP: 17/19
  4967 | D:4      | Found a hazy altar of Hepliaklqana.
  5004 | D:4      | Found a glowing golden altar of the Shining One.
  5016 | D:4      | Found an ornate altar of the Wu Jian Council.
  5101 | D:5      | Entered Level 5 of the Dungeon
  5118 | D:5      | Noticed Sigmund
  5123 | D:5      | Killed Sigmund
  5124 | D:5      | Reached skill level 8 in Spellcasting
  5862 | D:6      | Found a runed translucent door.
  5863 | D:6      | Noticed Crazy Yiuf
  5900 | D:6      | Reached skill level 9 in Spellcasting
  5900 | D:6      | Reached XP level 8. HP: 22/41 MP: 19/23
  6037 | D:6      | Noticed Edmund
  6103 | D:6      | Killed Edmund
  6132 | D:6      | Reached skill level 10 in Spellcasting
  6449 | D:6      | Found a radiant altar of Vehumet.
  6465 | D:6      | Became a worshipper of Vehumet
  6481 | D:6      | Found a shimmering blue altar of Sif Muna.
  7286 | D:7      | Found an opulent altar of Gozag.
  7346 | D:7      | Reached skill level 11 in Spellcasting
  7439 | D:7      | Reached XP level 9. HP: 45/45 MP: 23/26
  7690 | D:7      | Noticed Pikel
  7707 | D:7      | Learned a level 3 spell: Stone Arrow
  7849 | D:7      | Killed Pikel
  7850 | D:7      | Reached skill level 10 in Earth Magic
  7910 | D:7      | Identified the +0 ring mail of Resourcefulness {Slay+3}
  7974 | D:7      | Found Ziditt's Antique Armour Shoppe.
  8046 | D:7      | Reached skill level 12 in Spellcasting
  8529 | D:8      | Reached skill level 13 in Spellcasting
  8597 | D:8      | Noticed Joseph
  8997 | D:8      | HP: 1/45 [gnoll/+0 club[a gnoll bouda] (4)]
  8998 | D:8      | Succumbed to a gnoll's poison

Illustrated notes

Levels and vault maps discovered:
D:1:      dpeg_arrival_round_c, layout_basic, serial_shops, shop,
          hellmonk_ecumenical_altar_blasted
D:2:      layout_basic, basic_altar, minivault_27
D:3:      minmay_wonky_spiral, layout_basic, lemuel_round_altar,
          minmay_misc_feat_alley
D:4:      minmay_diamond_boxcup, layout_loops_corners, lemuel_doored_altar,
          nzn_hepliaklqana_mist_gate, trog_antimagical,
          mainiacjoe_overflow_swirl, temple_fountains, minmay_misc_feat_hallway
D:5:      layout_basic, uniq_sigmund
D:6:      nicolae_whirlpool, layout_basic, lemuel_tele_altar,
          mainiacjoe_overflow_small_starburst, serial_rivers,
          chequers_serial_rivers_room_b, chequers_serial_rivers_large_b,
          chequers_serial_rivers_micro_c, chequers_serial_rivers_large_a,
          chequers_serial_rivers_micro_d, chequers_serial_rivers_small_b,
          uniq_edmund, uniq_crazy_yiuf_cottage
D:7:      layout_gridville, grunt_gozag_breadcrumbs, serial_shops, shop,
          uniq_pikel
D:8:      layout_rooms, uniq_joseph, uniq_erica
Temple:   chequers_temple_sunken

Skill      XL: |  1  2  3  4  5  6  7  8  9 |
---------------+----------------------------+-----
Spellcasting   | 4 5 6 7 9 11 13 | 13.3
Earth Magic    | 4 5 6 7 9 11 | 11.5
Dodging        | |  2.4
Stealth        | |  2.4
Transmutations | |  1.1

Action                     |  1- 3 |  4- 6 |  7- 9 || total
---------------------------+-------+-------+-------++-------
  Melee: Unarmed           |     5 |     1 |       ||     6
   Cast: Sandblast         |    61 |    73 |   113 ||   247
         Stone Arrow       |       |       |    33 ||    33
    Use: Scroll            |       |       |    18 ||    18
         Potion            |       |       |     7 ||     7
 Armour: Robe              |     6 |     5 |    20 ||    31
  Dodge: Dodged            |    13 |    21 |    65 ||    99

Table legend: (Time is in decaauts)
 A = Elapsed time spent in this place.
 B = Non-inter-level travel time spent in this place.
 C = Inter-level travel time spent in this place.
 D = Time resting spent in this place.
 E = Time spent auto-exploring this place.
 F = Levels seen in this place.
 G = Mean time per level.
                   A        B        C        D        E       F      G
               +--------+--------+--------+--------+--------+-----+--------+
         Total |   9221 |   8915 |    306 |   1188 |   6700 |   9 | 1024.6 |
       Dungeon |   9013 |   8713 |    300 |   1188 |   6503 |   8 | 1126.6 |
        Temple |    208 |    202 |      6 |      0 |    197 |   1 |  208.0 |
               +--------+--------+--------+--------+--------+-----+--------+

Top non-repeatable levels by time:
     D:4: 1692 daAuts
     D:6: 1542 daAuts
     D:1: 1366 daAuts
     D:3: 1133 daAuts
     D:7: 1118 daAuts
     D:2: 820 daAuts
     D:8: 682 daAuts
     D:5: 657 daAuts
  Temple: 208 daAuts
